 Dungeon Crawl Stone Soup version 0.28.0-49-g6dfe1f597d (console) character file.

Game seed: 6481875770120120971

254 Faeu the Skirmisher (level 5, -2/48 HPs)
             Began as a Minotaur Berserker on May 16, 2022.
             Was a Believer of Trog.
             Splashed by a jelly's acid (7 damage)
             ... on level 4 of the Dungeon.
             The game lasted 00:03:36 (3286 turns).

Faeu the Skirmisher (Minotaur Berserker)            Turns: 3286, Time: 00:03:36

Health: -2/48      AC: -13   Str: 23    XL:     5   Next: 91%
Magic:  4/4        EV: 12    Int:  4    God:    Trog [**....]
Gold:   140        SH:  0    Dex: 10    Spells: 4/4 levels left

rFire   . . .      SeeInvis .   a - +0 hand axe {axe}
rCold   . . .      Faith    .   (no shield)
rNeg    . . .      Spirit   .   b - +0 animal skin
rPois   .          Reflect  .   (helmet restricted)
rElec   .          Harm     .   (no cloak)
rCorr   .          Rampage  .   (no gloves)
Will    .....                   (no boots)
Stlth   +.........              (no amulet)
HPRegen 0.16/turn               (no ring)
MPRegen 0.09/turn               (no ring)

@: corroded, on berserk cooldown, slowed, very slow
A: horns 2, retaliatory headbutt
a: Renounce Religion, Berserk, Trog's Hand


You were on level 4 of the Dungeon.
You worshipped Trog.
Trog was pleased with you.
You visited 1 branch of the dungeon, and saw 4 of its levels.

You collected 140 gold pieces.


Innate Abilities, Weirdness & Mutations

You have a pair of horns on your head.
You reflexively headbutt those who attack you in melee.


   Skills:
 + Level 5.1 Fighting
 + Level 5.1 Axes
 + Level 4.2 Armour
 + Level 3.8 Dodging


You had 4 spell levels left.
You didn't know any spells.
Your spell library was empty.

Inventory:

Hand Weapons
 a - a +0 hand axe (weapon) {axe}
Armour
 b - a +0 animal skin (worn)
 o - a +0 cloak
   (You found it on level 3 of the Dungeon)
Scrolls
 c - 2 scrolls of blinking {unknown}
 d - 2 scrolls of fog {unknown}
 g - 3 scrolls of identify {unknown}
 i - a scroll of immolation {unknown}
 j - a scroll of magic mapping {unknown}
 m - a scroll of teleportation {unknown}
 n - a scroll of noise {unknown}
Potions
 e - a potion of haste {unknown}
 f - 3 potions of mutation {unknown}
 h - a potion of brilliance {unknown}
 k - a potion of heal wounds {unknown}
 l - a potion of resistance {unknown}

Dungeon Overview and Level Annotations

Branches:
Dungeon (4/15)
 Temple: D:4-7

Altars:
Ashenzari
Zin

Shops:
D:1 [ D:2

(***[ ##.# .#.#
#..###. .#.##
#....... ... #...
... ... #..###.#
#.### #....#.# #.#.#
#
####.)###.###.#.#.#
##.<.........!.J@..#
#.โ€
..........####.##
...........### .#
......#....# .#
.#...##....######.#
.##.###....>......#
#.# ##...##......
#.# ##$## .#.^# #..
.. # #### .. ##


You could see a jelly.


Message History

You barely miss the kobold. You headbutt the kobold.
You kill the kobold!
Trog accepts your kill.
Things that are here:
a +0 dagger {short}; a kobold corpse
There is a broken altar of Ashenzari here.
Items here: )) [ รทรท.
You see here a +0 club {mace}.
Done exploring.
No target in view!
Done exploring.
No target in view!
(D) Dungeon
Where to? (Enter - D:3, ? - help)
There is a stone staircase leading down here.
You climb downwards.
The kobold shouts!
The ball python closely misses you. x2
There is a stone staircase leading up here.
There are monsters nearby!
There are monsters nearby!
You hit the ball python.
You kill the ball python!
Trog accepts your kill.
A kobold is nearby!
A kobold is nearby!
The kobold completely misses you.
A kobold is nearby!
You hit the kobold.
You kill the kobold!
Trog accepts your kill.
A black bear comes into view.
The black bear growls angrily.
A black bear is nearby!
A black bear is nearby!
The black bear bites you. The black bear claws you.
The black bear claws you but does no damage. ๐Ÿ˜• HP[-7]
You take 7 damage, and now have 40/47 hp.
A red film seems to cover your vision as you go berserk!
You feel yourself moving faster!
You feel mighty!
The black bear bites you but does no damage.
The black bear claws you. x2 ๐Ÿ˜• HP[+17]
You now have 70 max hp (+23).
You regained 17 hp, and now have 57/70 hp.
You hit the black bear. ๐Ÿ˜• HP[+1]
You slash the black bear! The black bear bites you!
The black bear barely misses you. The black bear claws you.
A jelly comes into view. ๐Ÿ˜ฎ HP[-12]
You take 12 damage, and now have 46/70 hp.
The jelly quivers.
You slash the black bear!
You kill the black bear!
Trog accepts your kill.
Your Fighting skill increases to level 5!
Your Axes skill increases to level 5!
Your Armour skill increases to level 4! ๐Ÿ˜ฎ HP[+1]
You now have 72 max hp (+2).
There is an escape hatch in the floor, spattered with blood here.
You feel a strong urge to attack something. ๐Ÿ˜ฎ HP[+1]
You feel your anger nearly subside.
You are no longer berserk.
You are exhausted.
You feel yourself slow down. ๐Ÿ˜ฎ HP[-16]
You now have 48 max hp (-24).
You see here a coppery potion. ๐Ÿ˜ฎ HP[+1]
You aren't carrying any items that you can evoke.
The jelly jiggles.
You hit the jelly. The acid corrodes you!
Your hands burn!
The jelly barely misses you. The jelly hits you. The acid corrodes you!
You are splashed with acid.
* * * LOW HITPOINT WARNING * * *
๐Ÿ˜จ HP[-10]
You take 10 damage, and now have 23/48 hp.
MASSIVE DAMAGE!! (PAUSE)
You hit the jelly but do no damage.
Your hands burn!
* * * LOW HITPOINT WARNING * * *
You headbutt the jelly, but do no damage.
The jelly misses you. ๐Ÿ˜จ HP[-3]
You take 3 damage, and now have 20/48 hp.
You barely miss the jelly. You headbutt the jelly. The jelly hits you.
* * * LOW HITPOINT WARNING * * *
The acid corrodes you!
You are splashed with acid.
* * * LOW HITPOINT WARNING * * *
The jelly barely misses you. ๐Ÿ˜จ HP[-7]
You take 7 damage, and now have 13/48 hp.
You completely miss the jelly. The jelly closely misses you.
You hit the jelly.
Your hands burn!
* * * LOW HITPOINT WARNING * * *
The jelly hits you.
* * * LOW HITPOINT WARNING * * *
The acid corrodes you!
You are splashed with acid!
You die...

Skill      XL: |  1  2  3  4  5 |
---------------+----------------+-----
Axes           | 4 5 |  5.1
Fighting       | 4 5 |  5.1
Armour         | 3 4 |  4.2
Dodging        | 3 |  3.8

Action                   |  1- 3 |  4- 6 || total
-------------------------+-------+-------++-------
Melee: Hand axe          |    78 |    44 ||   122
       Headbutt          |    11 |     5 ||    16
       Punch             |       |     1 ||     1
Invok: Berserk           |     1 |     3 ||     4
Armor: Animal skin       |    14 |     7 ||    21
Dodge: Dodged            |    42 |    25 ||    67

Levels and vault maps discovered:
D:1:      erik_arrival_blinker_ship, layout_basic, serial_shops, shop
D:2:      layout_basic, serial_shops, shop, shop, shop, nicolae_lakefront_shop,
          shop, basic_altar
D:3:      layout_rooms, cheibrodos_ashenzari_chains, nicolae_ecumenical_pavilion
D:4:      layout_loops_ring, dk_yredelemnul_ordeal, minmay_misc_feat_nine_boxes,
          grunt_ministairs_13, uniq_ijyb

Notes
Turn   | Place    | Note
-------+----------+-------------------------------------------
     0 | D:1      | Faeu the Minotaur Berserker began the quest for the Orb.
     0 | D:1      | Reached XP level 1. HP: 19/19 MP: 0/0
     0 | D:1      | magus.rc [v1.9.6]
   354 | D:1      | Reached XP level 2. HP: 27/27 MP: 1/1
   545 | D:1      | Found Hiote's Armour Shoppe.
   997 | D:2      | Found Badeics's Antique Weapon Boutique.
  1113 | D:2      | Reached skill level 4 in Axes
  1292 | D:2      | Found Cunapp's Assorted Antiques.
  1306 | D:2      | Found Radyf's General Store.
  1315 | D:2      | Reached skill level 4 in Fighting
  1315 | D:2      | Reached skill level 3 in Armour
  1322 | D:2      | Reached XP level 3. HP: 26/33 MP: 2/2
  1517 | D:2      | Found Feimalergh's Antique Armour Boutique.
  1555 | D:2      | Found Toumpe's Assorted Antiques.
  1571 | D:2      | Reached ** piety under Trog
  1650 | D:2      | Found a glowing silver altar of Zin.
  2207 | D:3      | Found a faded altar of an unknown god.
  2238 | D:3      | Reached skill level 3 in Dodging
  2238 | D:3      | Reached XP level 4. HP: 41/41 MP: 3/3
  2683 | D:3      | Found a broken altar of Ashenzari.
  2843 | D:3      | Reached XP level 5. HP: 47/47 MP: 4/4
  3264 | D:4      | Noticed a black bear
  3271 | D:4      | Killed a black bear
  3272 | D:4      | Reached skill level 5 in Fighting
  3272 | D:4      | Reached skill level 5 in Axes
  3272 | D:4      | Reached skill level 4 in Armour
  3286 | D:4      | HP: 8/48 [acid (5)]
  3286 | D:4      | Splashed by a jelly's acid

Vanquished Creatures
  A black bear (D:4)
  An orc priest (D:3)
  6 gnolls (D:3)
  3 adders
  An adder skeleton (D:2)
  A dart slug (D:1)
  2 orcs (D:3)
  An endoplasm (D:3)
  A giant cockroach (D:1)
  6 goblins
  6 hobgoblins
  4 quokkas
  4 ball pythons
  3 bats
  2 frilled lizards (D:2)
  7 kobolds
  4 rats
53 creatures vanquished.

Table legend:
 A = Non-vault XP
 B = Vault XP
 C = Vault XP percentage of total XP
 D = Non-vault monster count
 E = Vault monster count
 F = Vault count percentage of total count
                 A         B        C        D         E       F
            +---------+---------+-------+---------+---------+-------
      Total |     364 |       0 |   0.0 |      53 |       0 |   0.0
            +---------+---------+-------+---------+---------+-------
        D:1 |      21 |       0 |   0.0 |      12 |       0 |   0.0
        D:2 |      59 |       0 |   0.0 |      21 |       0 |   0.0
        D:3 |     162 |       0 |   0.0 |      17 |       0 |   0.0
        D:4 |     122 |       0 |   0.0 |       3 |       0 |   0.0
            +---------+---------+-------+---------+---------+-------

Illustrated notes

Table legend:
 A = Kills in this place as a percentage of kills in entire the game.
 B = Kills by you in this place as a percentage of kills by you in the entire game.
 C = Kills by friends in this place as a percentage of kills by friends in the entire game.
 D = Other kills in this place as a percentage of other kills in the entire game.
 E = Experience gained in this place as a percentage of experience gained in the entire game.
 F = Experience gained in this place divided by the number of levels of this place that you have seen.
                   A       B       C       D       E      F
               +-------+-------+-------+-------+-------+----------------------
         Total | 100.0 | 100.0 |   N/A |   N/A | 100.0 |  91.0
       Dungeon | 100.0 | 100.0 |   N/A |   N/A | 100.0 |  91.0
               +-------+-------+-------+-------+-------+----------------------

Table legend: (Time is in decaauts)
 A = Elapsed time spent in this place.
 B = Non-inter-level travel time spent in this place.
 C = Inter-level travel time spent in this place.
 D = Time resting spent in this place.
 E = Time spent auto-exploring this place.
 F = Levels seen in this place.
 G = Mean time per level.
                   A        B        C        D        E       F      G
               +--------+--------+--------+--------+--------+-----+--------+
         Total |   3324 |   3259 |     65 |    382 |   2458 |   4 |  831.0 |
       Dungeon |   3324 |   3259 |     65 |    382 |   2458 |   4 |  831.0 |
               +--------+--------+--------+--------+--------+-----+--------+

Top non-repeatable levels by time:
     D:2: 1246 daAuts
     D:3: 1079 daAuts
     D:1: 967 daAuts
     D:4: 30 daAuts
